 Dungeon Sprint DCSS version 0.28.0-45-g0d030f2227 (webtiles) character file.

Game seed: 835908562266211502

278 McKennaii the Summoner (level 8, -1/70 HPs)
             Began as a Demigod Summoner on Apr 18, 2022.
             Constricted to death by a giant anaconda (2 damage)
             ... in the Dungeon (Sprint VI: "Thunderdome").
             The game lasted 00:10:53 (720 turns).

McKennaii the Summoner (Demigod Summoner)            Turns: 720, Time: 00:10:53

Health: -1/70      AC:  5    Str:  9    XL:     8   Next: 10%
Magic:  28/35      EV:  9    Int: 33    God:
Gold:   88         SH:  0    Dex: 12    Spells: 14/27 levels left

rFire   + + .      SeeInvis .   l - +0 scythe
rCold   . . .      Faith    .   (shield currently unavailable)
rNeg    . . .      Spirit   .   a - +0 robe
rPois   .          Reflect  .   (no helmet)
rElec   +          Harm     .   p - +2 cloak "Wocyuff" {Contam rElec Int+8 Dex-2}
rCorr   .          Rampage  .   (no gloves)
Will    +....      NoTele   +   (no boots)
Stlth   +++.......              o - amulet of the Philosopher {rF++ Regen+}
HPRegen 1.01/turn               m - ring of Happiness {MP+9 Stlth+}
MPRegen 0.24/turn               n - ring of Pygimah {+Blink Will+}

@: constricted
A: high MP 1, forlorn, divine attributes
a: Evoke Blink


You were in the Dungeon.
You visited 1 branch You collected 600 gold pieces.
You spent 512 gold pieces at shops.

Inventory:

Hand Weapons
 l - a +0 scythe (weapon)
Armour
 a - a +0 robe (worn)
 p - the +2 cloak "Wocyuff" (worn) {Contam rElec Int+8 Dex-2}
   (You bought it in a shop in the Dungeon)

   Int:       It affects your intelligence (+8).
   Dex:       It affects your dexterity (-2).
   rElec:     It insulates you from electricity.
   Contam:    It causes magical contamination when unequipped.
Jewellery
 m - the ring of Happiness (left hand) {MP+9 Stlth+}
   (You bought it in a shop in the Dungeon)

   [ring of magical power]

   MP:        It affects your magic capacity (+9).
   Stlth:     It makes you more stealthy.
 n - the ring of Pygimah (right hand) {+Blink Will+}
   (You bought it in a shop in the Dungeon)

   [ring of willpower]

   +Blink:    It lets you blink.
   Will:      It increases your willpower.
 o - the amulet of the Philosopher (around neck) {rF++ Regen+}
   (You bought it in a shop in the Dungeon)

   [amulet of regeneration]

   rF:        It greatly protects you from fire.
   Regen:     It increases your rate of health regeneration.
Wands
 h - a wand of acid (5)
 i - a wand of iceblast (2)
Scrolls
 g - 4 scrolls of blinking
 j - 3 scrolls of fog
Potions
 b - a potion of curing
 c - 4 potions of heal wounds
 d - 4 potions of haste
 e - 2 potions of magic
 f - a potion of berserk rage
 k - a potion of resistance


   Skills:
 + Level 5.8 Fighting
 - Level 1.7 Dodging
 - Level 1.7 Stealth
 - Level 10.0 Spellcasting
 + Level 12.4 Summonings


You had 14 spell levels left.
You knew the following spells:

 Your Spells              Type           Power      Damage    Failure   Level
a - Summon Small Mammal   Summ           100%       N/A       1%          1
b - Call Imp              Summ           78%        N/A       1%          2
c - Call Canine Familiar  Summ           78%        N/A       1%          3
d - Summon Guardian Gole  Hex/Summ       55%        N/A       1%          3
e - Summon Lightning Spi  Summ/Air       55%        N/A       2%          4

Your spell library contained the following spells:

 Spells                   Type           Power      Damage    Failure   Level


Dungeon Overview and Level Annotations

Branches:
Dungeon (1/1)

Shops:
D *[??*?*:[((!!!!


Innate Abilities, Weirdness & Mutations

You have an increased reservoir of magic. (+10% MP)
You shall have no god before yourself.
Your divine heritage dramatically boosts your attributes as you level up.


Message History

Unknown command.
Unknown command.
Unknown command.
Your warg completely misses the giant anaconda.
The giant anaconda is engulfed in blazing flames. x2
Your lightning spire shoots out a bolt of lightning at the giant anaconda!
The bolt of electricity hits the giant anaconda!
Unknown command.
Unknown command.
The giant anaconda is engulfed in blazing flames.
Your warg bites the giant anaconda!
The giant anaconda is engulfed in blazing flames.
The giant anaconda closely misses your warg.
The giant anaconda bites your warg!
Unknown command.
Reach: l) +0 scythe
Press: ? - help, Dir - move target, f/p - giant anaconda
Aim: a giant anaconda (flame, almost dead, ally target, about 83% to evade your +0 scythe)
You reach to attack!
You miss the giant anaconda.
The giant anaconda is almost dead.
The giant anaconda is engulfed in blazing flames.
The giant anaconda grabs you. The giant anaconda bites you!
The giant anaconda constricts you. The giant anaconda bites you!
The giant anaconda constricts you.
Unknown command.
You barely miss the giant anaconda.
The giant anaconda is almost dead.
The giant anaconda bites you! The giant anaconda constricts you.
The giant anaconda bites you!
* * * LOW HITPOINT WARNING * * *
The giant anaconda constricts you.
* * * LOW HITPOINT WARNING * * *
The giant anaconda bites you.
* * * LOW HITPOINT WARNING * * *
The giant anaconda constricts you.
* * * LOW HITPOINT WARNING * * *
The giant anaconda bites you.
* * * LOW HITPOINT WARNING * * *
The giant anaconda constricts you.
You die...

##.....## ##∩.....∩##
#∩.......∩# #_.(....._#
#_......._# #........_#
###.........###
#⌠[..........⌠#
######@8.........8.####
##._._.S....###...[..___
###∩...8§§§.8[# #.8.......
##........h§...###.........
#⌠.......§§.###...###......
#⌠..÷.......# #.<.# #......
#⌠..........###...###......
##.............###......÷..
###∩........8.# #.8.......


You could see a giant anaconda (ally target), a friendly warg (summoned) and a
friendly lightning spire (summoned).

Vanquished Creatures
  Sigmund (D)
  A yak (D)
  Menkaure (D)
  A mummy (D)
  A river rat (D)
  A bat zombie (D)
6 creatures vanquished.

Vanquished Creatures (collateral kills)
  A komodo dragon (D)
  A guardian mummy (D)
  A yak (D)
  A water moccasin (D)
  Jessica (D)
  Terence (D)
  A hell rat (D)
  3 mummies (D)
  An adder (D)
  2 dart slugs (D)
  A ball python (D)
  A giant cockroach (D)
  A hobgoblin (D)
  A kobold (D)
17 creatures vanquished.

Grand Total: 23 creatures vanquished

Notes
Turn   | Place    | Note
-------+----------+-------------------------------------------
     0 | D        | McKennaii the Demigod Summoner began the quest for the Orb.
     0 | D        | Reached XP level 1. HP: 14/14 MP: 5/5
     4 | D        | Found Vaer's Identification Station.
     5 | D        | Found Xideu's Jewellery.
     5 | D        | Found Oxzuts's Advanced Armour.
     5 | D        | Round 1.
    13 | D        | Bought a clouded ivory amulet for 45 gold pieces
    13 | D        | Identified the amulet "Maweorch" {Faith +Inv Will- Str+4}
                  | (You bought it in a shop in the Dungeon)
    13 | D        | Bought a crude gossamer ring for 45 gold pieces
    13 | D        | Identified the ring of Happiness {MP+9 Stlth+} (You bought
                  | it in a shop in the Dungeon)
    13 | D        | Bought a faintly glowing lapis lazuli ring for 45 gold
                  | pieces
    13 | D        | Identified the ring of Pygimah {+Blink Will+} (You bought
                  | it in a shop in the Dungeon)
    15 | D        | Bought a heavily runed bone amulet for 45 gold pieces
    15 | D        | Identified the amulet of the Philosopher {rF++ Regen+} (You
                  | bought it in a shop in the Dungeon)
    34 | D        | Found Qethomo's Premium Goods.
    35 | D        | Found Teopn's Miscellaneous Merchandise.
    35 | D        | Found Ubbo's Basic Armour.
    37 | D        | Found Taag's Weapon Rack.
    55 | D        | Found Tideverch's Do-It-Yourself Clinic.
    55 | D        | Found Petu's Bottled Wisdom.
    56 | D        | Found Dialos's Distillery.
    61 | D        | Found Bicodu's Distillery.
    64 | D        | Noticed Sigmund
    70 | D        | Killed Sigmund
    71 | D        | Reached skill level 7 in Summonings
    71 | D        | Reached XP level 2. HP: 20/20 MP: 8/12
    71 | D        | Reached XP level 3. HP: 26/26 MP: 8/14
    71 | D        | Reached XP level 4. HP: 33/33 MP: 8/15
    71 | D        | Reached XP level 5. HP: 38/38 MP: 8/17
    74 | D        | Learned a level 2 spell: Call Imp
    78 | D        | Learned a level 3 spell: Call Canine Familiar
    89 | D        | Learned a level 3 spell: Summon Guardian Golem
    94 | D        | Learned a level 4 spell: Summon Lightning Spire
   103 | D        | Found Jemi's Staff Store.
   109 | D        | Reached skill level 8 in Summonings
   109 | D        | Found Foqyvi's Must-Have Magic.
   109 | D        | Found Amedyr's Magic Scroll Shop.
   110 | D        | Found Kizaamup's Magic Scroll Shop.
   113 | D        | Arena points: 12 (+12) [x2]
   154 | D        | Round 2.
   210 | D        | Noticed Jessica
   214 | D        | Killed Jessica
   216 | D        | Noticed Terence
   223 | D        | Killed Terence
   315 | D        | Arena points: 54 (+42) [x3]
   342 | D        | Round 3.
   344 | D        | Noticed a yak
   373 | D        | Killed a yak
   374 | D        | Reached skill level 9 in Summonings
   374 | D        | Reached XP level 6. HP: 23/45 MP: 21/21
   374 | D        | Noticed a yak
   383 | D        | Killed a yak
   384 | D        | Reached skill level 10 in Summonings
   398 | D        | Noticed a water moccasin
   402 | D        | Killed a water moccasin
   403 | D        | Reached XP level 7. HP: 38/50 MP: 24/24
   446 | D        | Reached skill level 11 in Summonings
   472 | D        | Noticed a komodo dragon
   482 | D        | Killed a komodo dragon
   482 | D        | Arena points: 138 (+84) [x4]
   483 | D        | Reached skill level 10 in Spellcasting
   518 | D        | Round 4.
   544 | D        | Noticed Menkaure
   550 | D        | Killed Menkaure
   631 | D        | Noticed a guardian mummy
   633 | D        | Reached skill level 12 in Summonings
   638 | D        | Killed a guardian mummy
   638 | D        | Arena points: 278 (+140) [x5]
   639 | D        | Reached skill level 5 in Fighting
   639 | D        | Reached XP level 8. HP: 67/70 MP: 26/26
   646 | D        | Bought a dazzling cloak for 332 gold pieces
   646 | D        | Identified the +2 cloak "Wocyuff" {Contam rElec Int+8
                  | Dex-2} (You bought it in a shop in the Dungeon)
   699 | D        | Round 5.
   711 | D        | Noticed a giant anaconda
   720 | D        | HP: 3/70 [constriction (3)]
   720 | D        | HP: 1/70 [giant anaconda (2)]
   720 | D        | Constricted to death by a giant anaconda

Illustrated notes

Levels and vault maps discovered:
D:        arena_sprint

Skill      XL: |  1  2  3  4  5  6  7 |
---------------+----------------------+-----
Spellcasting   | 6 8 9 10 | 10.0
Summonings     | 7 9 10 12 | 12.4
Fighting       | 5 |  5.8
Dodging        | |  1.7
Stealth        | |  1.7

Action                   |  1- 3 |  4- 6 |  7- 9 || total
-------------------------+-------+-------+-------++-------
Melee: Unarmed           |     1 |     3 |       ||     4
       Punch             |     1 |     1 |       ||     2
       Scythe            |       |    21 |    21 ||    42
 Cast: Summon Small Mamm |     4 |     3 |     6 ||    13
       Call Canine Famil |       |     5 |     2 ||     7
       Call Imp          |       |     2 |     3 ||     5
       Summon Guardian G |       |       |     2 ||     2
       Summon Lightning  |       |       |     1 ||     1
Evoke: Wand              |     3 |       |       ||     3
 Stab: Distracted        |       |       |     2 ||     2
Armor: Robe              |       |     2 |       ||     2
Dodge: Dodged            |     1 |    21 |     4 ||    26
